 Dungeon Crawl Stone Soup version 0.23.0-28-g6fe0f4d (webtiles) character file.

Game seed: 7302240231736996851

119 sking99 the Poker (level 5, -1/36 HPs)
             Began as an Octopode Warper on Feb 25, 2019.
             Slain by an orc wizard
             ... wielding a +2 dagger of draining
              (3 damage)
             ... on level 3 of the Dungeon.
             The game lasted 00:04:07 (2586 turns).

sking99 the Poker (Octopode Warper)                 Turns: 2586, Time: 00:04:08

Health: -1/36      AC:  1    Str: 11    XL:     5   Next: 3%
Magic:  5/8        EV: 13    Int: 19    God:
Gold:   113        SH:  0    Dex: 11    Spells: 4/8 levels left

rFire    . . .     SeeInvis .   a - +0 spear
rCold    . . .     Gourm    .   (no shield)
rNeg     . . .     Faith    .   (helmet restricted)
rPois    +         Spirit   .   (no amulet)
rElec    .         Reflect  .   h - ring of poison resistance
rCorr    .         Harm     .   n - +3 ring of intelligence
MR       .....                  (no ring)
Stlth    ++........             (no ring)
HPRegen  0.12/turn              (no ring)
MPRegen  0.11/turn              (no ring)
                                (no ring)
                                (no ring)

@: confused, shrouded, heavily drained
A: almost no armour, stealthy swim, amphibious, 8 rings, constrict 8, camouflage
1, gelatinous body 1
a: no special abilities


You were on level 3 of the Dungeon.
You were hungry.

You visited 1 branch of the dungeon, and saw 3 of its levels.

You collected 113 gold pieces.

Inventory:

Hand Weapons
 a - a +0 spear (weapon)
Missiles
 d - 5 tomahawks of dispersal (quivered)
 m - 2 throwing nets
Jewellery
 h - a ring of poison resistance (left tentacle)
 n - a +3 ring of intelligence (right tentacle)
Scrolls
 c - 2 scrolls of blinking
 g - a scroll of random uselessness {unknown}
 i - a scroll of remove curse {unknown}
 k - a scroll of teleportation {unknown}
 l - a scroll of immolation {unknown}
Potions
 e - a potion of mutation
Comestibles
 b - 5 chunks of flesh
 f - 4 rations


   Skills:
 + Level 3.0(1.0) Fighting
 * Level 3.8(1.8) Polearms
 - Level 1.0(0.0) Throwing
 + Level 3.2(1.2) Dodging
 - Level 2.0(0.0) Spellcasting
 - Level 3.0(1.0) Translocations


You had 4 spell levels left.
You knew the following spells:

 Your Spells              Type           Power        Failure   Level  Hunger
a - Blink                 Tloc           N/A          21%         2    ###....
b - Shroud of Golubria    Chrm/Tloc      #.........   26%         2    ###....

Your spell library contained the following spells:

 Spells                   Type           Power        Failure   Level  Hunger
 Gell's Gravitas          Tloc           #.........   38%         3    ####...
 Lesser Beckoning         Tloc           #.........   38%         3    ####...
 Teleport Other           Tloc           #.......     38%         3    ####...
 Passage of Golubria      Tloc           N/A          80%         4    #####..


Dungeon Overview and Level Annotations

Branches:
Dungeon (3/15)

Altars:

Annotations:
D:2 Sigmund


Innate Abilities, Weirdness & Mutations

You cannot wear most types of armour.
You are very stealthy in the water. (Stealth+)
You are amphibious.
You can wear up to eight rings at the same time.
You can use your tentacles to constrict eight enemies at once.
Your skin changes colour to match your surroundings (Stealth+).
Your rubbery body absorbs attacks. (AC +1, EV +1)


Message History

You feel drained.
You hit something but do no damage.
Your shroud unravels.
Something hits you but does no damage.
You feel drained.
You hit something but do no damage. Something hits you.
You feel drained.
You hit something but do no damage. Your squeeze misses something.
Something hits you.
You feel drained.
You miss something. Something hits you!
* * * LOW HITPOINT WARNING * * *
You feel drained.
* * * LOW HITPOINT WARNING * * *
Casting: Shroud of Golubria (safe; 26% risk of failure)
Confirm with . or Enter, or press ? or * to list all spells.
Space distorts slightly along a thin shroud covering your body.
You hear some strange, mumbled words.
You are confused.
Okay, then.
You're too confused!
Something hits you.
You die...

############ #....g.....#
######### #.########.# ........#
#.#<..# #.# ........# #.###g# #g#
........# #.# #.# #.#
........########@###.####.#######
........'.......{)...............
........#........###.####.#####.#
.(......'.........##.# #.# #...
........#..........#.####.#####..
#############'#..[...#...........
#.....#.###.##.#......
#.....+...............
#.....##.###.#.##.##.#


There were no monsters in sight!

Vanquished Creatures
  A hound (D:3)
  Jessica (D:3)
  2 gnolls (D:3)
  A worm (D:3)
  2 dart slugs
  3 orcs (D:3)
  3 giant cockroaches
  A goblin (D:1)
  5 hobgoblins
  3 jackals (D:2)
  A ball python (D:1)
  8 bats
  A kobold (D:1)
  6 rats
38 creatures vanquished.

Notes
Turn   | Place    | Note
-------+----------+-------------------------------------------
     0 | D:1      | sking99 the Octopode Warper began the quest for the Orb.
     0 | D:1      | Reached XP level 1. HP: 14/14 MP: 3/3
   527 | D:1      | Reached XP level 2. HP: 19/19 MP: 5/5
   830 | D:2      | Noticed Sigmund
  1145 | D:3      | Reached XP level 3. HP: 10/25 MP: 6/6
  1334 | D:3      | Learned a level 2 spell: Blink
  1337 | D:3      | Learned a level 2 spell: Shroud of Golubria
  1340 | D:3      | Noticed Jessica
  1348 | D:3      | Killed Jessica
  1348 | D:3      | Reached XP level 4. HP: 30/30 MP: 4/7
  2571 | D:3      | Reached XP level 5. HP: 26/36 MP: 5/8
  2586 | D:3      | Slain by an orc wizard

Skill      XL: |  1  2  3  4 |
---------------+-------------+-----
Polearms       | 3 |  3.8
Dodging        | 3 |  3.2
Fighting       | 3 |  3.0
Throwing       | |  1.0
Spellcasting   | |  2.0
Translocations | |  3.0

Action                   |  1- 3 |  4- 6 || total
-------------------------+-------+-------++-------
Melee: Spear             |    55 |    79 ||   134
       Constrict         |    10 |    12 ||    22
       Tentacles         |     6 |    10 ||    16
 Cast: Shroud of Golubri |     1 |     6 ||     7
  Use: Scroll            |       |     2 ||     2
 Stab: Sleeping          |     2 |     1 ||     3
  Eat: Chunk             |     1 |     4 ||     5
Armor: Skin              |     6 |    10 ||    16
Dodge: Dodged            |    19 |    58 ||    77
